 Dungeon Crawl Stone Soup version 0.22-a0-515-g75794bf (webtiles) character file.

172 grizmgrazm2 the Cudgeler (level 5, -1/33 HPs)
             Began as a Gargoyle Monk on June 19, 2018.
             Killed by divine providence
             ... invoked by an orc priest
              (9 damage)
             ... on level 4 of the Dungeon.
             The game lasted 00:06:07 (2978 turns).

grizmgrazm2 the Cudgeler (Gargoyle Monk)            Turns: 2978, Time: 00:06:08

Health: -1/33      AC: 16    Str: 14    XL:     5   Next: 53%
Magic:  5/5        EV:  7    Int: 11    God:
Gold:   192        SH:  0    Dex: 13    Spells: 4/4 levels left

rFire    . . .     SeeInvis .   a - +1 mace
rCold    . . .     Gourm    .   (no shield)
rNeg     + . .     Faith    .   l - +0 chain mail
rPois    ∞         Spirit   .   i - +0 helmet
rElec    +         Reflect  .   (no cloak)
rCorr    .         Harm     .   (no gloves)
MR       .....                  m - +1 pair of boots
Stlth    ..........             (no amulet)
HPRegen  0.11/turn              (no ring)
MPRegen  0.09/turn              (no ring)

@: about to teleport
A: negative energy resistance 1, electricity resistance, unbreathing,
petrification resistance, rot immunity, AC +4
a: no special abilities


You were on level 4 of the Dungeon.
You were not hungry.

You visited 1 branch of the dungeon, and saw 4 of its levels.

You collected 192 gold pieces.

Inventory:

Hand Weapons
 a - a +1 mace (weapon)
Armour
 h - a +0 ring mail
 i - a +0 helmet (worn)
 l - a +0 chain mail (worn)
 m - a +1 pair of boots (worn)
Scrolls
 g - a scroll of teleportation
Potions
 b - a potion of flight
 e - 3 potions of degeneration {unknown}
 f - a potion of invisibility {unknown}
 j - a potion of agility {unknown}
Comestibles
 c - 4 rations
 k - 4 chunks of flesh


   Skills:
 + Level 4.1 Fighting
 * Level 4.4 Maces & Flails
 + Level 2.2 Armour
 + Level 3.1 Dodging
 - Level 2.1 Stealth
   Level 0.2 Shields


You had 4 spell levels left.
You didn't know any spells.
Your spell library was empty.

Dungeon Overview and Level Annotations

Branches:
Dungeon (4/15)
 Temple: D:4-7

Altars:
Dithmenos
Fedhas
Vehumet
Wu Jian
Xom
Yredelemnul


Innate Abilities, Weirdness & Mutations

You are resistant to torment.
Your stone body is resilient. (AC +4)
You are immune to poison.
You resist negative energy. (rN+)
You are resistant to electric shocks. (rElec)
You can survive without breathing.
You are immune to petrification.
You are immune to rotting.


Message History

You hit the orc priest but do no damage.
The orc hits you with a falchion. The orc wizard barely misses you.
The orc priest hits you but does no damage.
You hit the orc priest but do no damage.
The orc wizard closely misses you. The orc hits you but does no damage.
The orc wizard barely misses you. The orc priest hits you.
* * * LOW HITPOINT WARNING * * *
You feel better.
The orc wizard hits you but does no damage.
The orc hits you but does no damage.
The orc priest calls down the wrath of Beogh upon you.
Beogh smites you!
* * * LOW HITPOINT WARNING * * *
The orc wizard hits you but does no damage.
As you read the scroll of teleportation, it crumbles to dust.
You feel strangely unstable. The orc hits you but does no damage.
The orc wizard hits you but does no damage.
The orc priest invokes the aid of Beogh against you.
Beogh smites you!
You die...

,,* *,,,,,,oo,,*
*,****,*****#.***
*,**,,,* #.#* *,,,,***
*..* ***,,,,*** *#.*
### **<**,,,* #.####.#
**,,****,* #......#
,,,*****,****#..###.#
**,,..,*,,,...#o@o#.#
,,,,...,#,#######o..#
,,,,......,,#.#.#.###
,,,,....#.**#.#.#.#
,,,,......###...#.###
,,,,......#.+._.'...#
,,,,....#...#...#.#.#
****.,#)....#.#.#.#.##
*#.#.....#.#.#....###


You could see an orc priest, an orc wizard and an orc.

Vanquished Creatures
  A hound (D:4)
  A worker ant (D:4)
  3 adders
  An ooze (D:3)
  2 dart slugs
  3 leopard geckos
  10 orcs
  2 ball pythons
  4 giant cockroaches
  9 goblins
  8 hobgoblins
  3 quokkas
  5 bats
  4 frilled lizards
  8 kobolds
  A quokka zombie (D:3)
  6 rats
71 creatures vanquished.

Notes
Turn   | Place    | Note
-------+----------+-------------------------------------------
     0 | D:1      | grizmgrazm2 the Gargoyle Monk began the quest for the Orb.
     0 | D:1      | Reached XP level 1. HP: 14/14 MP: 1/1
   160 | D:1      | Reached XP level 2. HP: 15/19 MP: 2/2
   428 | D:1      | Reached skill level 1 in Armour
   454 | D:1      | Reached XP level 3. HP: 23/23 MP: 3/3
  1241 | D:2      | Found a radiant altar of Vehumet.
  1244 | D:2      | Found a shadowy altar of Dithmenos.
  1245 | D:2      | Found a basalt altar of Yredelemnul.
  1246 | D:2      | Found a blossoming altar of Fedhas.
  1247 | D:2      | Found an ornate altar of the Wu Jian Council.
  1366 | D:2      | Reached XP level 4. HP: 29/29 MP: 4/4
  2040 | D:3      | Found a faded altar of an unknown god.
  2443 | D:3      | Reached XP level 5. HP: 33/33 MP: 5/5
  2931 | D:4      | Found a shimmering altar of Xom.
  2978 | D:4      | Killed from afar by an orc priest

Vault maps used:
D:1:      eino_arrival_tree_alley
D:2:      grunt_temple_overflow_open
D:3:      chequers_ecumenical_altar_simple, first_ration
D:4:      led_xom_imps

Skill      XL: |  1  2  3  4  5 |
---------------+----------------+-----
Armour         | 1 2 |  2.2
Maces & Flails | 4 |  4.4
Fighting       | 4 |  4.1
Dodging        | 3 |  3.1
Stealth        | |  2.1
Shields        | |  0.2

Action                   |  1- 3 |  4- 6 || total
-------------------------+-------+-------++-------
Melee: Mace              |   115 |   174 ||   289
  Use: Scroll            |     4 |     5 ||     9
       Potion            |       |     1 ||     1
 Stab: Sleeping          |     6 |     1 ||     7
  Eat: Chunk             |     1 |     6 ||     7
Armor: Robe              |    39 |       ||    39
       Chain mail        |       |   106 ||   106
       Ring mail         |       |    26 ||    26
Dodge: Dodged            |    80 |    89 ||   169
Block: Shield            |     4 |       ||     4

Table legend:
 A = Spawn XP
 B = Non-spawn XP
 C = Spawn XP percentage of total XP
 D = Spawn monster count
 E = Non-spawn monster count
 F = Spawn count percentage of total count
 G = Total turns spent on level
                    A         B        C        D         E        F      G
               +---------+---------+-------+---------+---------+-------+---------
         Total |       0 |     247 |   0.0 |       0 |      71 |   0.0 |  2978
               +---------+---------+-------+---------+---------+-------+---------
           D:1 |       0 |      43 |   0.0 |       0 |      26 |   0.0 |  1014
           D:2 |       0 |      40 |   0.0 |       0 |       9 |   0.0 |   597
           D:3 |       0 |      83 |   0.0 |       0 |      32 |   0.0 |  1112
           D:4 |       0 |      81 |   0.0 |       0 |       4 |   0.0 |   255
               +---------+---------+-------+---------+---------+-------+---------
